 Dungeon Crawl Stone Soup version 0.25.1-9-gc5326a611f (webtiles) character file.

Game seed: 5409549552464553952

382 teolandon225 the Skirmisher (level 6, -2/57 HPs)
             Began as a Minotaur Berserker on Dec 25, 2020.
             Was a Believer of Trog.
             Shot with an arrow by a centaur (6 damage)
             ... on level 7 of the Dungeon.
             The game lasted 00:09:16 (3049 turns).

teolandon225 the Skirmisher (Minotaur Berserker)    Turns: 3049, Time: 00:09:17

Health: -2/57      AC: 11    Str: 23    XL:     6   Next: 47%
Magic:  5/5        EV:  8    Int:  4    God:    Trog [**....]
Gold:   139        SH:  0    Dex: 10    Spells: 5/5 levels left

rFire    + . .     SeeInvis .   a - +0 hand axe
rCold    . . .     Gourm    .   (no shield)
rNeg     . . .     Faith    .   k - +0 plate armour
rPois    .         Spirit   .   (helmet restricted)
rElec    .         Reflect  .   (no cloak)
rCorr    .         Harm     .   (no gloves)
MR       ++...                  (no boots)
Stlth    ..........             l - amulet of magic regeneration
HPRegen  1.19/turn              h - ring of protection from fire
MPRegen  0.34/turn              (no ring)

@: berserk cooldown, regenerating, slowed, very slow
A: retaliatory headbutt, horns 2
a: Berserk, Trog's Hand, Renounce Religion


You were on level 7 of the Dungeon.
You worshipped Trog.
Trog was pleased with you.
You were not hungry.

You visited 1 branch of the dungeon, and saw 5 of its levels.

You collected 139 gold pieces.

Inventory:

Hand Weapons
 a - a +0 hand axe (weapon)
Missiles
 t - 2 throwing nets (quivered)
Armour
 b - a +0 animal skin
 k - a +0 plate armour (worn)
Jewellery
 h - a ring of protection from fire (left hand)
 l - an amulet of magic regeneration (around neck)
Scrolls
 d - 2 scrolls of magic mapping
 e - 3 scrolls of identify
 g - a scroll of fog {unknown}
 i - a scroll of teleportation
 m - a scroll of remove curse {unknown}
 o - 2 scrolls of enchant armour {unknown}
 s - a scroll of immolation {unknown}
Potions
 j - a potion of cancellation {unknown}
 n - a potion of resistance {unknown}
 r - a potion of invisibility {unknown}
Comestibles
 c - 6 rations


   Skills:
 * Level 5.9 Fighting
 * Level 5.7 Axes
 + Level 4.1 Armour
 + Level 3.6 Dodging


You had 5 spell levels left.
You didn't know any spells.
Your spell library was empty.

Dungeon Overview and Level Annotations

Branches:
Dungeon (4/15)
 Temple: D:4-7

Altars:
Makhleb


Innate Abilities, Weirdness & Mutations

You reflexively headbutt those who attack you in melee.
You have a pair of horns on your head.


Message History

Okay, then.
Okay, then.
You feel better.
The quokka bites you but does no damage.
The centaur unwields a +0 shortbow.
The centaur hits you.
* * * LOW HITPOINT WARNING * * *
The quokka bites you but does no damage.
The centaur hits you but does no damage.
You hit the quokka.
The quokka is heavily wounded.
You hit the centaur.
The quokka bites you but does no damage.
The centaur hits you.
* * * LOW HITPOINT WARNING * * *
The quokka bites you but does no damage.
The centaur hits you.
* * * LOW HITPOINT WARNING * * *
The centaur wields a +0 shortbow.
The centaur shoots an arrow.
The arrow hits you.
You die...

## ########..
#..<.....#
#........# #
#........# .##.###
#.(......#
......?##........#
#.@(r.......#
####c.......#
#........#.
.........#.#####
..###.##..#...(..
#.. .....#......
#.. .... #..)(..
..# .... ####c##
#ZJ(#


You could see a centaur and a quokka.

Vanquished Creatures
  2 ogres (D:7)
  A centaur (D:7)
  A worker ant (D:4)
  A howler monkey skeleton (D:4)
  5 adders
  2 worms (D:3)
  3 leopard geckos
  2 orcs
  A ball python (D:4)
  2 giant cockroaches
  6 goblins
  4 hobgoblins
  4 jackals (D:2)
  2 kobolds (D:2)
  7 bats
  A frilled lizard (D:3)
  7 rats
51 creatures vanquished.

Notes
Turn   | Place    | Note
-------+----------+-------------------------------------------
     0 | D:1      | teolandon225 the Minotaur Berserker began the quest for the
                  | Orb.
     0 | D:1      | Reached XP level 1. HP: 19/19 MP: 0/0
   625 | D:1      | Reached XP level 2. HP: 24/27 MP: 1/1
  1253 | D:2      | Reached XP level 3. HP: 33/33 MP: 2/2
  1775 | D:2      | Found a faded altar of an unknown god.
  1930 | D:2      | Found a burning altar of Makhleb.
  2492 | D:3      | Reached ** piety under Trog
  2535 | D:3      | Reached XP level 4. HP: 41/41 MP: 3/3
  3009 | D:4      | You fall into a shaft and drop 3 floors!
  3009 | D:7      | Noticed an ogre
  3009 | D:7      | Noticed a centaur
  3009 | D:7      | Noticed an ogre
  3010 | D:7      | Noticed a centaur
  3015 | D:7      | Killed an ogre
  3015 | D:7      | Reached skill level 5 in Fighting
  3015 | D:7      | Reached skill level 5 in Axes
  3015 | D:7      | Reached XP level 5. HP: 48/48 MP: 4/4
  3017 | D:7      | Killed a centaur
  3017 | D:7      | Reached XP level 6. HP: 56/56 MP: 5/5
  3046 | D:7      | HP: 1/57 [centaur/arrow (10)]
  3049 | D:7      | Shot with an arrow by a centaur

Illustrated notes

Levels and vault maps discovered:
D:1:      minmay_arrival_plants_in_alcoves, layout_basic, serial_bayou_pond_e,
          minmay_tiny_reverse_x
D:2:      layout_loops_ring, lemuel_coloured_pillars_altar,
          chequers_ecumenical_altar_lobes, minmay_misc_feat_secret_circle
D:3:      layout_basic, first_ration
D:4:      layout_cave_pools
D:7:      minmay_opposing_rooms, layout_rooms, nicolae_dithmenos_the_darkroom,
          minmay_temple_entry_statues_pillars

Skill      XL: |  1  2  3  4  5  6 |
---------------+-------------------+-----
Fighting       | 4 5 |  5.9
Axes           | 4 5 |  5.7
Armour         | 3 4 |  4.1
Dodging        | 3 |  3.6

Action                   |  1- 3 |  4- 6 || total
-------------------------+-------+-------++-------
Melee: Hand axe          |    81 |    52 ||   133
       Headbutt          |     7 |    11 ||    18
Invok: Berserk           |     1 |     2 ||     3
       Trog's Hand       |       |     2 ||     2
  Use: Scroll            |     6 |     2 ||     8
       Potion            |       |     1 ||     1
  Eat: Ration            |     2 |     1 ||     3
       Chunk             |       |     2 ||     2
Armor: Animal skin       |    14 |       ||    14
       Plate armour      |    10 |    50 ||    60
Dodge: Dodged            |    59 |    29 ||    88
